 Dungeon Crawl Stone Soup version 0.26.1-2-gb8aa6d0cf2 (webtiles) character file.

Game seed: 9309552961267745898

2117 Martska the Skirmisher (level 9, 0/93 HPs)
             Began as an Ogre Hunter on Mar 19, 2021.
             Slain by an orc warrior
             ... wielding a +0 scimitar
              (18 damage)
             ... on level 7 of the Dungeon.
             The game lasted 00:12:14 (6862 turns).

Martska the Skirmisher (Ogre Hunter)                Turns: 6862, Time: 00:12:14

Health: 0/93       AC:  4    Str: 21    XL:     9   Next: 29%
Magic:  9/9        EV: 15    Int: 18    God:
Gold:   328        SH:  0    Dex:  9    Spells: 8/8 levels left

rFire    . . .     SeeInvis .   c - +0 whip (flame)
rCold    . . .     Faith    .   (no shield)
rNeg     . . .     Spirit   .   b - +0 robe
rPois    .         Reflect  .   (helmet restricted)
rElec    .         Harm     .   x - +0 cloak
rCorr    .         Rampage  .   (gloves unavailable)
Will     .....                  (boots unavailable)
Stlth    ++........             u - amulet of regeneration
HPRegen  0.65/turn              g - +4 ring of evasion
MPRegen  0.11/turn              i - +6 ring of intelligence

@: no status effects
A: large, unfitting armour, tough skin 1
a: no special abilities


You were on level 7 of the Dungeon.
You visited 1 branch of the dungeon, and saw 7 of its levels.
You also visited: Sewer.

You collected 328 gold pieces.

Inventory:

Hand Weapons
 c - a +0 whip of flaming (weapon)
 e - a +0 club
 h - a +0 whip
 o - a +0 vorpal hand axe
 B - a cursed -2 giant club
 E - a +0 giant spiked club
Missiles
 d - 2 throwing nets
 C - 8 large rocks (quivered)
Armour
 b - a +0 robe (worn)
 x - a +0 cloak (worn)
Jewellery
 g - a +4 ring of evasion (left hand)
 i - a +6 ring of intelligence (right hand)
 u - an amulet of regeneration (around neck)
Wands
 a - a wand of random effects (10)
 r - a wand of digging (4)
 y - a wand of iceblast (7)
Scrolls
 f - 5 scrolls of remove curse
 m - 2 scrolls of fog
 n - 3 scrolls of magic mapping
 v - 6 scrolls of identify
 w - 3 scrolls of amnesia {unknown}
 F - a scroll of blinking {unknown}
Potions
 j - a potion of cancellation {unknown}
 k - a potion of lignification {unknown}
 l - 4 potions of flight
 p - 3 potions of degeneration {unknown}
 q - a potion of mutation {unknown}
 s - 2 potions of heal wounds {unknown}
 t - 5 potions of curing
 z - a potion of invisibility {unknown}
 A - a potion of haste {unknown}
 D - a potion of attraction {unknown}


   Skills:
 * Level 7.6 Fighting
 * Level 4.8 Maces & Flails
 * Level 6.7 Throwing
 * Level 5.2 Dodging
 - Level 2.0 Stealth
 * Level 3.2 Evocations


You had 8 spell levels left.
You didn't know any spells.
Your spell library contained the following spells:

 Spells                   Type           Power        Failure   Level
 Animate Skeleton         Necr           0%           22%         1
 Apportation              Tloc           0%           22%         1
 Corona                   Hex            0%           22%         1
 Summon Small Mammal      Summ           0%           22%         1


Dungeon Overview and Level Annotations

Branches:
Dungeon (7/15)              Sewer (visited)
 Temple: D:4-7

Altars:
Dithmenos
Gozag
Hepliaklqana
Kikubaaqudgha
Vehumet
Xom
Zin

Shops:
D:5 (


Innate Abilities, Weirdness & Mutations

You are too large for most types of armour.
You have tough skin. (AC +1)


Message History

The orc warrior is moderately wounded.
The orc warrior closely misses you.
You hit the orc warrior but do no damage.
The orc warrior is moderately wounded.
The orc warrior hits you with a +0 scimitar!
You barely miss the orc warrior.
The orc warrior is moderately wounded.
You hit the orc warrior but do no damage.
The orc warrior is moderately wounded.
The orc warrior barely misses you.
You barely miss the orc warrior.
The orc warrior is moderately wounded.
The orc warrior hits you with a +0 scimitar!!
* * * LOW HITPOINT WARNING * * *
You hit the orc warrior. You burn the orc warrior.
The orc warrior is heavily wounded.
You barely miss the orc warrior.
The orc warrior is heavily wounded.
The orc warrior hits you with a +0 scimitar!!
You die...

#...(....##
#.........#
+.........+
#.........#
........# #.....#
#.o.# #@# #.# #.#
##.## #.###...##
..........#
##...#...###
#...##....########
.........#.........


You could see an orc warrior.

Vanquished Creatures
  Pikel (D:5)
  A sky beast (D:5)
  A black bear (D:6)
  2 centaurs
  6 ogres
  A bullfrog (D:7)
  3 big kobolds
  A scorpion (D:4)
  A hound (D:4)
  A jelly (D:5)
  A bullfrog skeleton (D:5)
  5 orc wizards
  An iguana (D:4)
  A worker ant (D:4)
  2 hound skeletons
  7 adders
  2 river rats
  A white imp (D:3)
  An ooze (D:1)
  An adder zombie (D:5)
  2 worms
  3 dart slugs
  4 leopard geckos
  14 orcs
  2 giant cockroaches (D:1)
  8 goblins
  9 hobgoblins
  7 jackals
  19 kobolds
  2 quokkas
  4 ball pythons
  7 bats
  5 frilled lizards
  A quokka skeleton (D:5)
  8 rats
135 creatures vanquished.

Vanquished Creatures (others)
  An orc (D:6)
  3 plants (D:1)
4 creatures vanquished.

Grand Total: 139 creatures vanquished

Notes
Turn   | Place    | Note
-------+----------+-------------------------------------------
     0 | D:1      | Martska the Ogre Hunter began the quest for the Orb.
     0 | D:1      | Reached XP level 1. HP: 22/22 MP: 1/1
   263 | D:1      | Reached skill level 3 in Fighting
   263 | D:1      | Reached XP level 2. HP: 19/31 MP: 2/2
   757 | D:1      | Reached XP level 3. HP: 37/37 MP: 3/3
   789 | D:1      | Reached skill level 1 in Stealth
  1461 | D:2      | Reached skill level 1 in Maces & Flails
  1479 | D:2      | Reached XP level 4. HP: 20/45 MP: 4/4
  1745 | D:2      | Reached XP level 5. HP: 25/54 MP: 5/5
  2483 | D:3      | Found a radiant altar of Vehumet.
  2501 | D:2      | Reached skill level 4 in Fighting
  2990 | D:3      | Found a glowing drain.
  2995 | D:3      | Found a faded altar of an unknown god.
  3011 | Sewer    | Entered a sewer
  3202 | Sewer    | Noticed a big kobold
  3218 | Sewer    | Reached XP level 6. HP: 61/63 MP: 6/6
  3469 | Sewer    | Found a white marble altar of Elyvilon.
  4007 | D:4      | Found a shadowy altar of Dithmenos.
  4110 | D:4      | Reached skill level 5 in Throwing
  4407 | D:4      | Reached skill level 5 in Fighting
  4407 | D:4      | Reached XP level 7. HP: 37/72 MP: 7/7
  4684 | D:5      | Entered Level 5 of the Dungeon
  4689 | D:5      | Found a glowing silver altar of Zin.
  4881 | D:5      | Noticed Pikel
  4891 | D:5      | Killed Pikel
  4892 | D:5      | Reached skill level 6 in Fighting
  4892 | D:5      | Reached skill level 1 in Evocations
  4892 | D:5      | Reached XP level 8. HP: 56/83 MP: 8/8
  5050 | D:5      | Found Lastaw's Weapon Emporium.
  5159 | D:5      | Found an ancient bone altar of Kikubaaqudgha.
  5159 | D:5      | Found an opulent altar of Gozag.
  5432 | D:5      | Found a shimmering altar of Xom.
  6086 | D:6      | Reached skill level 7 in Fighting
  6105 | D:6      | Reached XP level 9. HP: 93/93 MP: 9/9
  6154 | D:6      | Reached skill level 5 in Dodging
  6354 | D:6      | Found a hazy altar of Hepliaklqana.
  6862 | D:7      | Slain by an orc warrior

Illustrated notes

Levels and vault maps discovered:
D:1:      psy_arrival_fountain, layout_basic, minivault_5, hex_intersection,
          minmay_misc_feat_nine_boxes
D:2:      layout_rooms, kennysheep_minor_cross
D:3:      layout_basic, vehumet_crystals,
          chequers_ecumenical_altar_simple_redux, portal_sewer_entry_b,
          minmay_goblin_kobold_house
D:4:      layout_basic, nicolae_dithmenos_the_darkroom
D:5:      layout_basic, old_standard_altar, gammafunk_temple_overflow_forgotten,
          serial_shops, shop, uniq_pikel
D:6:      layout_basic, nzn_hepliaklqana_mist_gate, grunt_ministairs_11,
          minivault_11, serial_park_tiny_pond
D:7:      layout_loops_corners, minmay_temple_entry_gardened_gates,
          uniq_menkaure, uniq_duvessa, uniq_harold, uniq_crazy_yiuf_cottage

Skill      XL: |  1  2  3  4  5  6  7  8  9 |
---------------+----------------------------+-----
Fighting       | 3 4 5 6 7 |  7.6
Dodging        | 2 3 4 5 |  5.2
Stealth        | 1 2 |  2.0
Maces & Flails | 1 2 3 4 |  4.8
Throwing       | 5 6 |  6.7
Evocations     | 1 2 3 |  3.2

Action                   |  1- 3 |  4- 6 |  7- 9 || total
-------------------------+-------+-------+-------++-------
Melee: Short sword       |   104 |    25 |       ||   129
       Whip              |       |   114 |   243 ||   357
Throw: Large rock        |    11 |    61 |    45 ||   117
  Use: Scroll            |       |     5 |       ||     5
 Stab: Distracted        |     1 |       |       ||     1
       Sleeping          |       |     1 |     1 ||     2
Armor: Robe              |    36 |    28 |    41 ||   105
Dodge: Dodged            |    63 |   150 |   174 ||   387
